 Dungeon Crawl Stone Soup version 0.26-a0-844-g3dd439832f (webtiles) character file.

Game seed: 15360508740894593715

105 pablito the Grasshopper (level 4, 0/35 HPs)
             Began as a Barachi Warper on Nov 18, 2020.
             Succumbed to a worker ant's poison
             ... on level 2 of the Dungeon.
             The game lasted 00:14:13 (3023 turns).

pablito the Grasshopper (Barachi Warper)            Turns: 3023, Time: 00:14:13

Health: 0/35       AC:  6    Str: 12 (14) XL:     4   Next: 81%
Magic:  0/7        EV: 11    Int: 11 (13) God:
Gold:   137        SH:  0    Dex: 11 (13) Spells: 2/7 levels left

rFire    . . .     SeeInvis .   a - +0 falchion
rCold    . . .     Faith    .   (no shield)
rNeg     + . .     Spirit   .   w - +0 ring mail
rPois    .         Reflect  .   (no helmet)
rElec    .         Harm     .   (no cloak)
rCorr    .         Rampage  .   t - +0 pair of gloves
MR       .....                  (no boots)
Stlth    +.........             (no amulet)
HPRegen  0.11/turn              h - ring of flight
MPRegen  0.10/turn              r - ring of positive energy

@: lethally poisoned (0 -> -7), can't hop, attractive, very slightly
contaminated, slow
A: +LOS, swims, blurry vision 1, slowness 1, strong 1, strong legs 1
a: Hop, Evoke Flight


You were on level 2 of the Dungeon.
You visited 1 branch of the dungeon, and saw 4 of its levels.

You collected 137 gold pieces.

Inventory:

Hand Weapons
 a - a +0 falchion (weapon)
Missiles
 e - 5 boomerangs of dispersal
 m - 2 atropa-tipped darts (quivered)
Armour
 b - a +0 leather armour
 t - a +0 pair of gloves (worn)
 w - a +0 ring mail (worn)
Jewellery
 h - a ring of flight (left hand)
 r - a ring of positive energy (right hand)
Wands
 v - a wand of flame (11)
Scrolls
 c - 2 scrolls of remove curse
 f - a scroll of enchant armour {unknown}
 i - a scroll of magic mapping {unknown}
 j - 3 scrolls of identify {unknown}
 l - 2 scrolls of teleportation {unknown}
 s - a scroll of amnesia {unknown}
 u - a scroll of enchant weapon {unknown}
Potions
 q - a potion of resistance


   Skills:
 + Level 3.3 Fighting
 + Level 3.3 Long Blades
 - Level 1.2 Throwing
 + Level 2.5 Armour
 + Level 3.0 Dodging
 - Level 2.2 Spellcasting
 + Level 3.8 Translocations


You had 2 spell levels left.
You knew the following spells:

 Your Spells              Type           Power        Failure   Level
a - Blink                 Tloc           N/A          19%         2
b - Gell's Gravitas       Tloc           #.........   36%         3

Your spell library contained the following spells:

 Spells                   Type           Power        Failure   Level
 Lesser Beckoning         Tloc           #.........   36%         3
 Teleport Other           Tloc           #.......     36%         3
 Passage of Golubria      Tloc           N/A          77%         4


Dungeon Overview and Level Annotations

Branches:
Dungeon (4/15)
 Temple: D:4-7

Altars:
Dithmenos
Elyvilon
Fedhas
Qazlal


Innate Abilities, Weirdness & Mutations

You can be seen from farther away. (+LOS)
You can swim through water.
You cover ground slowly.
You can hop short distances.
Scrolls take you a little longer to read.
Your muscles are strong. (Str +2)


Message History

Evoke which item? (* to show all) (? for menu, Esc to quit)
Aiming: Throw Flame
Press: ? - help, Shift-Dir - straight line, f - worker ant
Aim: a worker ant (lightly wounded)
The puff of flame hits the worker ant.
The worker ant is moderately wounded.
The worker ant bites you.
* * * LOW HITPOINT WARNING * * *
You are lethally poisoned!
The worker ant poisons you!
The worker ant bites you but does no damage.
Evoke which item? (* to show all) (? for menu, Esc to quit)
Okay, then.
Evoke which item? (* to show all) (? for menu, Esc to quit)
Aiming: Throw Flame
Press: ? - help, Shift-Dir - straight line, f/p - worker ant
Aim: a worker ant (moderately wounded)
The puff of flame hits the worker ant.
The worker ant is severely wounded.
You die...

#.# #.#.###########
#.##########.#......(# ##
#.##.......#.#.......# .#
#.##.......#.#.......#
.#######.##.......#.#....########
.........##.......#.#....#####...
.................................
###########....B..#.#.....####...
................@.#.#.....######.
#.................#.#............
#...........###(###.#............
#...........# #(.##.#.###........
#...........# ##.##.#.# #.######.
##.........## #.##.#.###.######.
#.........# #.##....##.##.....
#.........# #.##....##.##.....
#.........# #..#..............


You could see a worker ant.

Vanquished Creatures
  Terence (D:3)
  2 adders
  A dart slug (D:1)
  4 leopard geckos
  2 orcs (D:3)
  5 bats
  4 giant cockroaches
  8 goblins
  6 hobgoblins
  7 kobolds
  4 frilled lizards
  8 rats
52 creatures vanquished.

Vanquished Creatures (others)
  An orc (D:3)
1 creature vanquished.

Grand Total: 53 creatures vanquished

Notes
Turn   | Place    | Note
-------+----------+-------------------------------------------
     0 | D:1      | pablito the Barachi Warper began the quest for the Orb.
     0 | D:1      | Reached XP level 1. HP: 17/17 MP: 3/3
   226 | D:1      | Reached XP level 2. HP: 14/23 MP: 5/5
   277 | D:1      | Learned a level 2 spell: Blink
   637 | D:1      | Reached XP level 3. HP: 28/28 MP: 6/6
  1027 | D:2      | Found a shadowy altar of Dithmenos.
  1855 | D:3      | Found a stormy altar of Qazlal.
  1905 | D:3      | Reached XP level 4. HP: 26/35 MP: 7/7
  2128 | D:3      | Learned a level 3 spell: Gell's Gravitas
  2261 | D:3      | Noticed Terence
  2281 | D:3      | Killed Terence
  2436 | D:3      | Found a blossoming altar of Fedhas.
  2616 | D:3      | Found a white marble altar of Elyvilon.
  3017 | D:2      | Gained mutation: Scrolls take you a little longer to read.
                  | [potion of mutation]
  3017 | D:2      | Gained mutation: Your muscles are strong. (Str +2) [potion
                  | of mutation]
  3022 | D:2      | HP: 1/35 [worker ant (3)]
  3023 | D:2      | Succumbed to a worker ant's poison

Illustrated notes

Levels and vault maps discovered:
D:1:      dpeg_arrival_orchard, layout_basic
D:2:      layout_basic, nicolae_dithmenos_shadow_blocks
D:3:      layout_rooms, marbit_many_paths, grunt_qazlal_clouds,
          minmay_misc_feat_four_crosses, fedhas_ov_isle_minmay, uniq_terence
D:4:      layout_gridville, cheibriados_altar_2, serial_shops,
          nicolae_shop_trees, gammafunk_ghost_grave

Skill      XL: |  1  2  3  4 |
---------------+-------------+-----
Armour         | 2 |  2.5
Fighting       | 3 |  3.3
Long Blades    | 3 |  3.3
Dodging        | 3 |  3.0
Throwing       | |  1.2
Spellcasting   | |  2.2
Translocations | |  3.8

Action                   |  1- 3 |  4- 6 || total
-------------------------+-------+-------++-------
Melee: Falchion          |   118 |    58 ||   176
Throw: Dart              |     8 |     1 ||     9
 Cast: Blink             |       |     3 ||     3
       Gell's Gravitas   |       |     1 ||     1
 Abil: Hop               |     1 |     3 ||     4
Evoke: Wand              |       |     3 ||     3
  Use: Scroll            |     2 |     2 ||     4
       Potion            |       |     6 ||     6
Armor: Leather armour    |    38 |    15 ||    53
       Ring mail         |       |     6 ||     6
Dodge: Dodged            |    88 |    46 ||   134
       Rpst.: Falchion   |    35 |    11 ||    46

Table legend: (Time is in decaauts)
 A = Elapsed time spent in this place.
 B = Non-inter-level travel time spent in this place.
 C = Inter-level travel time spent in this place.
 D = Time resting spent in this place.
 E = Time spent auto-exploring this place.
 F = Levels seen in this place.
 G = Mean time per level.
                   A        B        C        D        E       F      G
               +--------+--------+--------+--------+--------+-----+--------+
         Total |   3385 |   3261 |    124 |    306 |   2267 |   4 |  846.2 |
       Dungeon |   3385 |   3261 |    124 |    306 |   2267 |   4 |  846.2 |
               +--------+--------+--------+--------+--------+-----+--------+

Top non-repeatable levels by time:
     D:3: 1293 daAuts
     D:1: 1042 daAuts
     D:2: 1029 daAuts
     D:4: 20 daAuts
